 Dungeon Crawl Stone Soup version 0.21-a0-59-g7b0e191 (webtiles) character file.

59883 crawlian the Devastator (level 14, 0/74 HPs)
             Began as a Deep Elf Fire Elementalist on June 16, 2017.
             Was a High Priest of Sif Muna.
             Slain by an alligator snapping turtle (3 damage)
             ... on level 3 of the Shoals.
             The game lasted 01:07:39 (9291 turns).

crawlian the Devastator (DEFE)                      Turns: 9291, Time: 01:07:40

Health: 0/74       AC: 12    Str:  5    XL:     14   Next: 54%
Magic:  9/34       EV: 15    Int: 29    God:    Sif Muna [*****.]
Gold:   100        SH:  7    Dex: 15    Spells: 8/41 levels left

rFire    + + +     SeeInvis .   u - +3 falchion "Rufo Bimp" {protect, rF++}
rCold    . . .     Gourm    .   Z - +2 buckler
rNeg     . . .     Faith    .   h - +2 robe "Ysiofafe" {Int+3 Stlth+}
rPois    .         Spirit   .   e - +2 hat
rElec    .         Reflect  .   X - scarf {rC+ rF+}
rCorr    .         Harm     .   N - +1 pair of gloves
MR       +....     Clarity  +   S - +0 pair of boots
Stlth    ++++......             m - amulet of magic regeneration
HPRegen  0.22/turn              w - +4 ring of protection
MPRegen  0.49/turn              U - ring of fire

@: about to teleport, marked, hasted, divine energy, very quick
A: claws 1, talons 1, clarity, deformed body
a: Stop Divine Energy, Channel Magic, Forget Spell, Renounce Religion


You were on level 3 of the Shoals.
You worshipped Sif Muna.
Sif Muna was extremely pleased with you.
You were not hungry.

You visited 3 branches of the dungeon, and saw 19 of its levels.

You collected 1022 gold pieces.
You spent 922 gold pieces at shops.

Inventory:

Hand Weapons
 u - the +3 falchion "Rufo Bimp" (weapon) {protect, rF++}
   (You found it on level 6 of the Dungeon)

   It protects the one who uses it against injury (+AC on strike).
   It greatly protects you from fire.
Armour
 e - a +2 hat (worn)
 h - the +2 robe "Ysiofafe" (worn) {Int+3 Stlth+}
   (You found it on level 2 of the Shoals)

   It affects your intelligence (+3).
   It makes you more stealthy.
 t - a +1 robe of magic resistance
 N - a +1 pair of gloves (worn)
 S - a +0 pair of boots (worn)
 X - a scarf of resistance (worn)
 Z - a +2 buckler (worn)
Jewellery
 g - an uncursed ring of wizardry
 m - an amulet of magic regeneration (around neck)
 w - a +4 ring of protection (left hand)
 P - an uncursed ring of protection from magic
 U - a ring of fire (right hand)
 V - an uncursed ring of wizardry
Wands
 a - a wand of enslavement (15/24)
 q - a wand of confusion (15/48)
 E - a wand of iceblast (8/15)
 F - a wand of acid (0/15)
 L - a wand of iceblast (3/15)
 T - a wand of paralysis (11/24)
Scrolls
 b - a scroll of blinking {unknown}
 c - 3 scrolls of fog {unknown}
 f - 2 scrolls of fear {unknown}
 i - 2 scrolls of noise {unknown}
 j - a scroll of holy word
 k - 5 scrolls of teleportation
 n - a scroll of immolation
 r - a scroll of magic mapping
 v - a scroll of identify
 x - a scroll of brand weapon {unknown}
 B - 8 scrolls of remove curse
 C - a scroll of amnesia {unknown}
 G - a scroll of summoning
 Q - a scroll of recharging {unknown}
Potions
 d - a potion of ambrosia
 l - 6 potions of agility
 p - 2 potions of haste
 s - a potion of cancellation
 z - 5 potions of curing
 A - a potion of magic
 M - 3 potions of flight
 O - 2 potions of brilliance
Books
 y - a book of Misfortune

   Spells                             Type                      Level
   a - Confusing Touch                Hexes                        1
   b - Confuse                        Hexes                        3
   c - Gell's Gravitas                Translocation                3
   d - Petrify                        Transmutation/Earth          4
   e - Metabolic Englaciation         Hexes/Ice                    5
   f - Yara's Violent Unravelling     Hexes/Transmutation          5
 J - Sif Muna's Tome of Confrontation
   (Sif Muna gifted it to you on level 1 of the Lair of Beasts)

   Spells                             Type                      Level
   a - Stone Arrow                    Conjuration/Earth            3
   b - Lightning Bolt                 Conjuration/Air              5
   c - Venom Bolt                     Conjuration/Poison           5
   d - Iskenderun's Battlesphere      Conjuration/Charms           5
   e - Freezing Cloud                 Conjuration/Ice/Air          6
   f - Bolt of Cold                   Conjuration/Ice              6
 K - Sif Muna's Compendium of Confrontation
   (Sif Muna gifted it to you on level 6 of the Lair of Beasts)

   Spells                             Type                      Level
   a - Iron Shot                      Conjuration/Earth            6
   b - Conjure Ball Lightning         Conjuration/Air              6
 R - a book of Conjurations

   Spells                             Type                      Level
   a - Magic Dart                     Conjuration                  1
   b - Searing Ray                    Conjuration                  2
   c - Dazzling Spray                 Conjuration/Hexes            3
   d - Fulminant Prism                Conjuration/Hexes            4
   e - Force Lance                    Conjuration/Translocation    4
   f - Iskenderun's Mystic Blast      Conjuration                  4
 W - Tugen's Handbook of Fiery Transmutation
   (Sif Muna gifted it to you on level 4 of the Lair of Beasts)

   Spells                             Type                      Level
   a - Throw Flame                    Conjuration/Fire             2
   b - Conjure Flame                  Conjuration/Fire             3
   c - Blade Hands                    Transmutation                5
   d - Ignition                       Fire                         8
   e - Fire Storm                     Conjuration/Fire             9
Miscellaneous
 H - a lightning rod (4/4)
 Y - a box of beasts
Comestibles
 o - 7 meat rations
 D - 2 bread rations
 I - 14 fruits


   Skills:
 + Level 3.3 Fighting
 + Level 5.1 Dodging
 + Level 3.8 Stealth
 + Level 2.9 Shields
 + Level 14.1 Spellcasting
 * Level 16.0 Conjurations
 + Level 14.1 Fire Magic
 - Level 2.0 Poison Magic
 + Level 10.7 Invocations


You had 8 spell levels left.
You knew the following spells:

 Your Spells              Type           Power        Failure   Level  Hunger
a - Flame Tongue          Conj/Fire      #####        0%          1    None
b - Conjure Flame         Conj/Fire      ########     0%          3    None
c - Sticky Flame          Conj/Fire      ########     1%          4    None
d - Fireball              Conj/Fire      ########..   1%          5    None
e - Inner Flame           Hex/Fire       #######.     1%          3    None
f - Venom Bolt            Conj/Pois      ######....   1%          5    None
g - Iskenderun's Battles  Conj/Chrm      ######..     2%          5    None
h - Dazzling Spray        Conj/Hex       ######       1%          3    None
i - Iskenderun's Mystic   Conj           #######.     1%          4    None


Dungeon Overview and Level Annotations

Branches:
Dungeon (10/15)              Lair (6/6) D:8          Shoals (3/4) Lair:3
  Snake (0/4) Lair:4        Slime (0/5) Lair:6
 Temple: D:4-7          Orc: D:9-12

Altars:
Ashenzari
Dithmenos
Elyvilon
Hepliaklqana
Makhleb
Nemelex Xobeh
Ru
Sif Muna
Xom
Jiyva

Shops:
Shoals:2 [   Shoals:3 ?

Annotations:
D:4 Duvessa
D:6 exclusion: downstairs
Lair:1 exclusion: downstairs
Lair:2 exclusion: downstairs
Lair:3 exclusions: downstairs and 1 more exclusion
Lair:5 exclusion: 2 downstairs
Shoals:1 exclusion: downstairs
Shoals:2 exclusion: downstairs


Innate Abilities, Weirdness & Mutations

You have sharp fingernails.
You have sharp toenails.
You possess an exceptional clarity of mind.
Armour fits poorly on your strangely shaped body.


Message History

Casting: Fireball
Confirm with . or Enter, or press ? or * to list all spells.
Aiming: Fireball
Press: ? - help, Shift-Dir - straight line, f/p - alligator snapping turtle
Aim: an alligator snapping turtle (steam, lightly wounded)
You feel a surge of power!
The fireball explodes!
The fireball engulfs the alligator snapping turtle.
The alligator snapping turtle is moderately wounded.
Your battlesphere fires!
The barrage of energy hits the alligator snapping turtle.
The alligator snapping turtle is moderately wounded.
Unknown command.
You feel yourself speed up.
The alligator snapping turtle bites you from afar!!
* * * LOW HITPOINT WARNING * * *
Okay, then.
As you read the scroll of teleportation, it crumbles to dust.
You feel strangely unstable.
The alligator snapping turtle bites you from afar.
You die...

≈≈≈≈≈≈≈≈≈≈≈≈≈≈≈†≈)≈≈≈≈......
≈≈≈≈≈≈≈≈≈≈≈≈≈≈≈≈≈≈≈≈........
≈≈≈≈≈≈≈≈≈≈≈≈≈≈≈≈≈≈.......≈..#
≈≈≈≈≈≈≈≈≈≈≈≈≈≈≈≈≈≈≈≈......≈.m.
≈≈≈≈≈≈≈≈≈≈≈≈.≈≈≈≈≈≈≈≈≈≈...≈≈≈..
≈≈≈≈≈≈≈≈≈≈....*≈≈≈≈≈≈≈≈≈.≈≈≈≈
≈≈≈≈≈≈≈≈≈≈.###≈≈§≈≈≈§§≈≈≈≈≈≈.
≈≈≈≈≈≈≈≈≈≈.###..§§≈§≈≈≈≈≈≈≈≈.
≈≈≈≈≈≈≈≈≈≈..##@.t§§§§§≈≈≈≈≈≈≈
≈≈≈≈≈≈≈≈≈≈..##.§....≈≈≈≈≈≈≈≈≈
≈≈≈≈≈≈≈§≈....#####..≈≈≈≈≈≈≈≈≈
≈≈≈≈≈≈≈..##### ##)≈≈≈≈≈≈≈≈≈
≈≈≈≈≈≈≈≈## ##.>≈≈≈≈≈≈≈≈
≈≈≈≈≈≈≈≈.###### #..≈≈≈≈≈≈≈≈≈
≈≈≈≈≈≈≈≈≈.....# ##.≈≈≈≈≈≈≈≈≈
≈≈≈≈≈≈≈≈≈≈≈≈≈.# ##≈≈.≈≈≈≈≈≈
≈≈≈≈≈≈≈≈≈≈≈≈≈.### ##.≈.≈≈≈≈≈≈


You could see an alligator snapping turtle and a friendly battlesphere.

Vanquished Creatures
  Donald (Shoals:2)
  Nessos (Lair:6)
  A merfolk javelineer (Shoals:3)
  2 merfolk impalers
  4 hydras
  An alligator snapping turtle (Shoals:3)
  A catoblepas (Lair:6)
  2 merfolk avatars (Shoals:3)
  A two-headed ogre (Lair:1)
  4 sea snakes (Shoals:2)
  3 harpies (Shoals:1)
  9 fauns
  An oklob plant (Lair:4)
  5 manticores
  An ugly thing (D:10)
  10 elephants
  5 water nymphs
  4 black mambas
  6 merfolk sirens
  A torpor snail (Lair:3)
  11 spiny frogs
  5 komodo dragons
  4 hornets (Lair:6)
  14 merfolk
  6 polar bears
  3 wind drakes
  3 blink frogs
  7 hippogriffs
  11 dream sheep
  8 snapping turtles
  15 spriggans (Lair:6)
  5 water elementals
  4 wyverns
  24 yaks
  2 basilisks
  13 water moccasins
  5 porcupines
  A hornet zombie (D:6)
  An ice beast (D:6)
  3 orc warriors
  A sky beast (D:5)
  A phantom (D:10)
  4 black bears (Lair:6)
  3 ogres
  19 wolves
  4 boggarts (Lair:6)
  11 crocodiles
  5 centaurs
  2 big kobolds (D:8)
  9 bullfrogs
  Blork the orc (D:6)
  A scorpion (D:8)
  2 wights (D:9)
  2 howler monkeys (D:9)
  2 electric eels
  3 crimson imps (D:5)
  3 hounds
  A centaur zombie (D:7)
  6 jellies (Lair:4)
  4 orc priests
  A gnoll shaman (D:6)
  A bullfrog skeleton (D:6)
  8 orc wizards
  7 iguanas
  6 worker ants
  A killer bee zombie (D:6)
  A hound zombie (D:8)
  A hound skeleton (D:7)
  A howler monkey zombie (D:10)
  A worker ant zombie (D:5)
  3 gnolls (D:6)
  A howler monkey skeleton (D:6)
  10 adders
  5 shadow imps
  13 oozes
  An adder skeleton (D:4)
  3 worms
  2 dart slugs
  6 leopard geckos
  24 orcs
  6 bats
  4 giant cockroaches
  3 goblins (D:1)
  2 hobgoblins
  3 jackals (D:2)
  6 kobolds
  2 quokkas
  2 ball pythons
  2 frilled lizards
  A leopard gecko skeleton (D:4)
  A leopard gecko zombie (D:5)
  2 quokka skeletons
  4 rats
  A fungus (Lair:6)
  2 plants
429 creatures vanquished.

Vanquished Creatures (collateral kills)
  A crimson imp (D:10)
  A quasit (D:10)
2 creatures vanquished.

Vanquished Creatures (others)
  13 fungi
  13 plants
26 creatures vanquished.

Grand Total: 457 creatures vanquished

Notes
Turn   | Place    | Note
-------+----------+-------------------------------------------
     0 | D:1      | crawlian the Deep Elf Fire Elementalist began the quest for the Orb.
     0 | D:1      | Reached XP level 1. HP: 10/10 MP: 6/6
   107 | D:1      | Reached XP level 2. HP: 9/15 MP: 2/8
   207 | D:2      | Reached skill level 2 in Conjurations
   298 | D:2      | Reached XP level 3. HP: 14/19 MP: 4/9
   760 | D:4      | Reached XP level 4. HP: 22/24 MP: 6/11
   765 | D:4      | Learned a level 3 spell: Conjure Flame
   770 | D:4      | Learned a level 4 spell: Sticky Flame
   776 | D:4      | Found a hazy altar of Hepliaklqana.
   776 | D:4      | Found a deep blue altar of Sif Muna.
   778 | D:4      | Found a burning altar of Makhleb.
   780 | D:4      | Found a sparkling altar of Nemelex Xobeh.
   781 | D:4      | Found a white marble altar of Elyvilon.
   790 | D:4      | Became a worshipper of Sif Muna the Loreminder
  1012 | D:4      | Noticed Duvessa
  1129 | D:5      | Entered Level 5 of the Dungeon
  1209 | D:5      | Noticed a water moccasin
  1209 | D:5      | Noticed a sky beast
  1217 | D:5      | Killed a water moccasin
  1217 | D:5      | Reached skill level 3 in Conjurations
  1217 | D:5      | Reached XP level 5. HP: 17/28 MP: 7/13
  1219 | D:5      | Reached skill level 4 in Conjurations
  1219 | D:5      | Reached skill level 5 in Fire Magic
  1422 | D:6      | Noticed an ice beast
  1429 | D:6      | Killed an ice beast
  1429 | D:6      | Reached XP level 6. HP: 29/32 MP: 9/15
  1455 | D:6      | Noticed Blork the orc
  1512 | D:6      | Reached skill level 5 in Spellcasting
  1525 | D:6      | Reached * piety under Sif Muna
  1606 | D:6      | Killed Blork the orc
  1626 | D:6      | Got a transparent falchion
  1627 | D:6      | Identified the cursed +3 falchion "Rufo Bimp" {protect, rF++} (You found it on level 6 of the Dungeon)
  1705 | D:6      | Reached skill level 5 in Conjurations
  1705 | D:6      | Reached XP level 7. HP: 34/36 MP: 11/17
  1998 | D:6      | Reached skill level 6 in Conjurations
  2081 | D:5      | Reached ** piety under Sif Muna
  2109 | D:5      | Reached XP level 8. HP: 23/41 MP: 14/19
  2138 | D:5      | Found a shadowy altar of Dithmenos.
  2331 | D:6      | Reached skill level 7 in Conjurations
  2452 | D:7      | Learned a level 5 spell: Fireball
  2524 | D:7      | Learned a level 3 spell: Inner Flame
  2640 | D:8      | Found a staircase to the Lair.
  2662 | D:7      | Found a sacrificial altar of Ru.
  2720 | D:7      | Reached *** piety under Sif Muna
  2906 | D:8      | Reached skill level 1 in Invocations
  2924 | D:8      | Found a burning altar of Makhleb.
  2998 | D:8      | Reached XP level 9. HP: 45/45 MP: 10/22
  3257 | D:8      | Found a shattered altar of Ashenzari.
  3269 | D:9      | Reached skill level 8 in Conjurations
  3375 | D:9      | Found a shimmering altar of Xom.
  3376 | D:9      | Found a shimmering altar of Xom.
  3394 | D:9      | Found a shimmering altar of Xom.
  3726 | D:9      | Found a shimmering altar of Xom.
  3764 | D:10     | Entered Level 10 of the Dungeon
  3851 | D:10     | Noticed a green ugly thing
  3874 | D:10     | Killed a green ugly thing
  3874 | D:10     | Reached **** piety under Sif Muna
  3874 | D:10     | Reached skill level 9 in Conjurations
  3978 | D:10     | Reached skill level 10 in Fire Magic
  4052 | D:10     | Noticed a manticore
  4278 | D:8      | Noticed a two-headed ogre
  4326 | Lair:1   | Entered Level 1 of the Lair of Beasts
  4331 | Lair:1   | Killed a two-headed ogre
  4331 | Lair:1   | Reached XP level 10. HP: 33/50 MP: 6/24
  4425 | Lair:1   | Reached skill level 10 in Conjurations
  4434 | Lair:1   | Noticed a spiny frog
  4443 | Lair:1   | Killed a spiny frog
  4443 | Lair:1   | Reached ***** piety under Sif Muna
  4443 | Lair:1   | Identified Sif Muna's Tome of Confrontation (Sif Muna gifted it to you on level 1 of the Lair of Beasts)
  4443 | Lair:1   | Received a gift from Sif Muna
  4451 | Lair:1   | Learned a level 5 spell: Venom Bolt
  4601 | Lair:1   | Reached skill level 5 in Invocations
  4672 | Lair:2   | Noticed a spiny frog
  4676 | Lair:2   | Killed a spiny frog
  4710 | Lair:2   | Reached skill level 11 in Conjurations
  4755 | Lair:2   | Found a burning altar of Makhleb.
  4830 | Lair:2   | Noticed a spiny frog
  4833 | Lair:2   | Killed a spiny frog
  4877 | Lair:2   | Noticed a spiny frog
  4881 | Lair:2   | Killed a spiny frog
  4881 | Lair:2   | Reached XP level 11. HP: 54/54 MP: 15/26
  4914 | Lair:3   | Reached skill level 10 in Spellcasting
  5121 | Lair:3   | Found a staircase to the Shoals.
  5172 | Lair:3   | Noticed an eight-headed hydra
  5186 | Lair:3   | Killed an eight-headed hydra
  5186 | Lair:3   | Reached skill level 12 in Conjurations
  5492 | Lair:4   | Identified Tugen's Handbook of Fiery Transmutation (Sif Muna gifted it to you on level 4 of the Lair of Beasts)
  5492 | Lair:4   | Received a gift from Sif Muna
  5532 | Lair:4   | Noticed an oklob plant
  5563 | Lair:4   | Killed an oklob plant
  5615 | Lair:4   | Found a staircase to the Snake Pit.
  5788 | Lair:4   | Reached XP level 12. HP: 59/59 MP: 10/29
  5899 | Lair:5   | Reached skill level 13 in Conjurations
  5973 | Lair:5   | Got an encrusted leather armour
  5984 | Lair:5   | Identified the +2 leather armour of Ratroun {rF+ Int+3 Slay+3} (You found it on level 5 of the Lair of Beasts)
  6162 | Lair:6   | Entered Level 6 of the Lair of Beasts
  6331 | Lair:5   | Noticed a five-headed hydra
  6331 | Lair:5   | Noticed a seven-headed hydra
  6333 | Lair:5   | Killed a seven-headed hydra
  6334 | Lair:5   | Killed a five-headed hydra
  6471 | Lair:6   | Noticed Nessos
  6526 | Lair:5   | Noticed a catoblepas
  6796 | Lair:6   | Killed Nessos
  6930 | Lair:6   | Noticed a catoblepas
  6941 | Lair:6   | Killed a catoblepas
  6941 | Lair:6   | Identified Sif Muna's Compendium of Confrontation (Sif Muna gifted it to you on level 6 of the Lair of Beasts)
  6941 | Lair:6   | Received a gift from Sif Muna
  6941 | Lair:6   | Reached skill level 14 in Conjurations
  6955 | Lair:6   | Found a staircase to the Slime Pits.
  6956 | Lair:6   | Found a viscous altar of Jiyva.
  6971 | Lair:6   | Learned a level 5 spell: Iskenderun's Battlesphere
  7228 | Lair:6   | Reached XP level 13. HP: 52/63 MP: 15/31
  7409 | Lair:6   | Reached skill level 15 in Conjurations
  7721 | Lair:2   | Reached skill level 1 in Fighting
  7842 | Shoals:1 | Entered Level 1 of the Shoals
  7856 | Shoals:1 | Reached skill level 10 in Invocations
  7900 | Shoals:1 | Reached skill level 1 in Shields
  7913 | Shoals:2 | Noticed Donald
  8073 | Shoals:1 | Received a gift from Sif Muna
  8075 | Shoals:1 | Reached skill level 1 in Poison Magic
  8083 | Shoals:1 | Learned a level 3 spell: Dazzling Spray
  8088 | Shoals:1 | Learned a level 4 spell: Iskenderun's Mystic Blast
  8273 | Shoals:2 | Gained mutation: You are somewhat resistant to further mutation. [potion of mutation]
  8274 | Shoals:2 | Lost mutation: You are somewhat resistant to further mutation. [potion of mutation]
  8274 | Shoals:2 | Gained mutation: Your skin changes colour to match your surroundings (Stealth+). [potion of mutation]
  8274 | Shoals:2 | Gained mutation: You are resistant to hostile enchantments. (MR+) [potion of mutation]
  8275 | Shoals:2 | Lost mutation: You are resistant to hostile enchantments. (MR+) [potion of mutation]
  8275 | Shoals:2 | Lost mutation: Your skin changes colour to match your surroundings (Stealth+). [potion of mutation]
  8275 | Shoals:2 | Gained mutation: Armour fits poorly on your strangely shaped body. [potion of mutation]
  8275 | Shoals:2 | Gained mutation: You are dopey. (Int -2) [potion of mutation]
  8275 | Shoals:2 | Gained mutation: Scrolls take you a little longer to read. [potion of mutation]
  8275 | Shoals:2 | Gained mutation: You are partially covered in molten scales. (AC +2) [potion of mutation]
  8276 | Shoals:2 | Lost mutation: You are dopey. (Int -2) [potion of mutation]
  8276 | Shoals:2 | Lost mutation: Scrolls take you a little longer to read. [potion of mutation]
  8276 | Shoals:2 | Lost mutation: Armour fits poorly on your strangely shaped body. [potion of mutation]
  8276 | Shoals:2 | Lost mutation: You are partially covered in molten scales. (AC +2) [potion of mutation]
  8276 | Shoals:2 | Gained mutation: You have sharp fingernails. [potion of mutation]
  8276 | Shoals:2 | Gained mutation: Armour fits poorly on your strangely shaped body. [potion of mutation]
  8276 | Shoals:2 | Gained mutation: You possess an exceptional clarity of mind. [potion of mutation]
  8276 | Shoals:2 | Gained mutation: You have sharp toenails. [potion of mutation]
  8277 | Shoals:2 | Got a brightly glowing robe
  8288 | Shoals:2 | Identified the +2 robe "Ysiofafe" {Int+3 Stlth+} (You found it on level 2 of the Shoals)
  8302 | Shoals:2 | Found Yschaitwa's Antique Armour Boutique.
  8337 | Shoals:2 | Bought a glowing scarf for 192 gold pieces
  8486 | Shoals:2 | Reached XP level 14. HP: 34/72 MP: 16/33
  8656 | Shoals:2 | Killed Donald
  8844 | Shoals:3 | Found Beuheh's Magic Scroll Emporium.
  8872 | Shoals:3 | Bought a scroll of immolation for 59 gold pieces
  8872 | Shoals:3 | Bought a scroll of teleportation for 51 gold pieces
  8872 | Shoals:3 | Bought a scroll of teleportation for 51 gold pieces
  8872 | Shoals:3 | Bought a scroll of teleportation for 51 gold pieces
  8872 | Shoals:3 | Bought a scroll of holy word for 127 gold pieces
  8872 | Shoals:3 | Bought 2 scrolls of summoning for 323 gold pieces
  8872 | Shoals:3 | Bought a scroll of identify for 34 gold pieces
  8872 | Shoals:3 | Bought a scroll of identify for 34 gold pieces
  9205 | Shoals:3 | Reached skill level 5 in Dodging
  9205 | Shoals:3 | Reached skill level 16 in Conjurations
  9290 | Shoals:3 | HP: 3/74 [alligator snapping turtle (34)]
  9291 | Shoals:3 | Slain by an alligator snapping turtle

Vault maps used:
D:1:      tarquinn_simple_flora_water_d, nrook_uturn
D:2:      first_bread, serial_curves, eino_curves_02, eino_curves_04,
          minmay_misc_feat_doors
D:3:      gammafunk_temple_overflow_statue
D:4:      grunt_temple_overflow_open, minmay_temple_entry_trees, uniq_duvessa
D:5:      lemuel_crystal_altar, minmay_bent
D:6:      uniq_blork_the_orc
D:7:      nicolae_ru_the_path_less_chosen
D:8:      ashenzari_conservatory_becter, minmay_lair_entry_lava, basic_altar,
          blue_anna_alchemist, roderic_filled_cross
D:9:      lemuel_crystal_altar, xom_redecorated
D:10:     minmay_misc_feat_five, hangedman_decor_diamond_cutter,
          hangedman_abyss_or_decor_stagger, minmay_orc_keep, uniq_sonja
Lair:2:   basic_altar
Lair:3:   minmay_shoals_entry_hut, beast_lair_carwin_2, grunt_megastairs_3,
          infiniplex_staircase_pool
Lair:4:   lemuel_slime, dummy_snake_entry, wad_woods_river_01,
          lemuel_fruit_fields, infiniplex_staircase_pool_2
Lair:5:   grunt_megastairs_5
Lair:6:   minmay_lair_end_enchanted_forest, slime_altar_1, st_stairs_7,
          grunt_megastairs_4, serial_bayou_shore_a, uniq_nessos
Shoals:2: serial_shops, nicolae_shop_waterfront,
          nicolae_shoals_arrival_archipelago, uniq_donald
Shoals:3: nicolae_shoals_c_island

Skill      XL: |  1  2  3  4  5  6  7  8  9 10 11 12 13 14 |
---------------+-------------------------------------------+-----
Conjurations   | 2 3 4 5 6 7 9 11 12 14 15 16 | 16.0
Fire Magic     | 4 5 6 7 9 10 11 12 13 14 | 14.1
Spellcasting   | 4 5 6 7 8 9 11 12 13 14 | 14.1
Invocations    | 1 4 5 7 9 10 | 10.7
Fighting       | 2 3 |  3.3
Shields        | 1 2 |  2.9
Dodging        | 3 5 |  5.1
Poison Magic   | 1 2 |  2.0
Stealth        | 3 |  3.8

Action                   |  1- 3 |  4- 6 |  7- 9 | 10-12 | 13-15 || total
-------------------------+-------+-------+-------+-------+-------++-------
Melee: Dagger            |     8 |     1 |       |       |       ||     9
       Falchion          |       |     1 |    67 |    26 |     5 ||    99
 Cast: Flame Tongue      |    48 |    45 |   154 |    41 |    35 ||   323
       Sticky Flame      |       |     5 |    22 |    48 |    10 ||    85
       Conjure Flame     |       |     2 |    10 |     8 |     1 ||    21
       Fireball          |       |       |    21 |    97 |   104 ||   222
       Inner Flame       |       |       |     1 |       |       ||     1
       Iskenderun's Batt |       |       |       |     5 |    29 ||    34
       Venom Bolt        |       |       |       |     3 |    27 ||    30
       Iskenderun's Myst |       |       |       |       |     2 ||     2
Invok: Divine Energy     |       |       |     1 |       |       ||     1
       Channel Magic     |       |       |       |     1 |     8 ||     9
Evoke: Wand              |       |       |     3 |     1 |     1 ||     5
       Sack of spiders   |       |       |     2 |       |       ||     2
  Use: Scroll            |     2 |     3 |     7 |     5 |     7 ||    24
       Potion            |     1 |     1 |     2 |     3 |     8 ||    15
 Stab: Sleeping          |       |       |     2 |       |       ||     2
       Confused          |       |       |     1 |       |       ||     1
  Eat: Bread ration      |       |     1 |       |       |     1 ||     2
       Chunk             |       |       |    11 |    17 |     4 ||    32
       Royal jelly       |       |       |     1 |     2 |     1 ||     4
Armor: Robe              |     4 |     2 |    63 |    20 |     5 ||    94
       Leather armour    |       |       |       |    12 |     7 ||    19
Dodge: Dodged            |    18 |    13 |   100 |    33 |    27 ||   191
Block: Buckler           |       |       |     3 |    14 |    13 ||    30
       Rpst.: Falchion   |       |       |    27 |    12 |     3 ||    42
